 Dungeon Sprint DCSS version 0.23.2-30-g0e89c35649 (webtiles) character file.

Game seed: 12838129614865138175

10140 HASTUR3 the Brawler (level 11, 0/126 HPs)
             Began as a Troll Fighter on June 21, 2019.
             Was the Champion of Wu Jian.
             Slain by a ten-headed hydra (4 damage)
             ... in the Dungeon (Sprint III: "The Ten Rune Challenge") on June 23, 2019.
             The game lasted 00:12:23 (1197 turns).

HASTUR3 the Brawler (Troll Fighter)                 Turns: 1197, Time: 00:12:24

Health: 0/126      AC:  6    Str: 26    XL:     11   Next: 32%
Magic:  8/8        EV: 14    Int:  9    God:    Wu Jian [******]
Gold:   2067       SH: 17    Dex: 12    Spells: 10/10 levels left

rFire    . . .     SeeInvis .     - Unarmed
rCold    . . .     Gourm    +   b - +0 shield
rNeg     . . .     Faith    .   a - +0 robe
rPois    .         Spirit   .   (helmet restricted)
rElec    .         Reflect  .   (no cloak)
rCorr    .         Harm     .   (gloves unavailable)
MR       .....     NoTele   +   (boots unavailable)
Stlth    +.........             (no amulet)
HPRegen  0.71/turn              (no ring)
MPRegen  0.11/turn              (no ring)

@: brilliant, flying, serpent's lash
A: large, unfitting armour, claws 3, talons 1, large bone plates 1, fast
metabolism 3, gourmand, low mp 1, regeneration 1, robust 1, shaggy fur 1, tough
skin 3, sturdy frame 1
a: Wall Jump, Serpent's Lash, Heavenly Storm, Renounce Religion


You were in the Dungeon.
You worshipped Wu Jian.
Wu Jian was exalted by your worship.
You were very full.

You visited 1 branch You collected 2067 gold pieces.

Inventory:

Armour
 a - a +0 robe (worn)
 b - a +0 shield (worn)
Scrolls
 k - a scroll of torment {unknown}
 l - 6 scrolls of identify
 m - a scroll of holy word {unknown}
Potions
 e - a potion of curing
 g - a potion of haste
 h - 2 potions of magic
 i - 2 potions of mutation
Comestibles
 c - 6 chunks of flesh
 d - 5 rations


   Skills:
 + Level 9.3 Fighting
 + Level 9.3 Dodging
 + Level 12.9 Shields
 + Level 17.7 Unarmed Combat


You had 10 spell levels left.
You didn't know any spells.
Your spell library contained the following spells:

 Spells                   Type           Power        Failure   Level  Hunger
 Animate Skeleton         Necr           N/A          4%          1    ##.....
 Apportation              Tloc           #.....       4%          1    ##.....
 Confusing Touch          Hex            #.....       4%          1    ##.....
 Summon Small Mammal      Summ           #...         4%          1    ##.....


Dungeon Overview and Level Annotations

Branches:
Dungeon (1/1)

Altars:
Cheibriados
Dithmenos
Elyvilon
Fedhas
Gozag
Hepliaklqana
Kikubaaqudgha
Makhleb
Nemelex Xobeh
Okawaru
Qazlal
Ru
Sif Muna
Trog
Uskayaw
Vehumet
Wu Jian
Xom
Yredelemnul
Zin
The Shining One
Beogh
Jiyva
Lugonu

Shops:
D (


Innate Abilities, Weirdness & Mutations

You are too large for most types of armour.
You have claws for hands.
Your metabolism is lightning-fast.
You like to eat raw meat.
Your natural rate of healing is unusually fast.
You are covered in fur. (AC +1)
You have extremely tough skin. (AC +3)
You have sharp toenails.
You are partially covered in large bone plates. (SH +4)
Your magical capacity is low. (-10% MP)
You are robust. (+10% HP)
Your movements are slightly less encumbered by armour. (ER -2)


Message History

It was a potion of brilliance.
You feel clever all of a sudden.
You block the nine-headed hydra's attack. x2
The nine-headed hydra misses you. The nine-headed hydra bites you!
* * * LOW HITPOINT WARNING * * *
You block the nine-headed hydra's attack.
The nine-headed hydra barely misses you.
The nine-headed hydra closely misses you.
The nine-headed hydra bites you.
* * * LOW HITPOINT WARNING * * *
The nine-headed hydra bites you!
* * * LOW HITPOINT WARNING * * *
Some of the chunks of flesh in your inventory have rotted away.
Your muscles tense, ready for explosive movement...
You rip one of the nine-headed hydra's heads off!
The eight-headed hydra grows two more!
You mangle the ten-headed hydra!! You claw the ten-headed hydra.
The ten-headed hydra is heavily wounded.
The ten-headed hydra barely misses you. The ten-headed hydra bites you.
You die...

≈≈≈≈≈≈♣♣.#...######'#.#))#.######
≈≈≈≈≈....#.⌠.#__#...#'###########
≈≈≈≈.....#...#__#...#....#.#.#...
≈≈.......#)###__#..)##.#..#.##.##
.........#..)#__#...)##.#.#.##.#.
.........#___#__'...#...#..#.)##.
▓▓▓▓▓▓▓▓▓▓▓▓▓▓▓▓▓▓▓▓▓▓▓▓▓▓▓▓▓▓▓▓▓
♣♣≈≈≈.÷...÷..≈≈≈..
+♣♣@♣≈≈≈≈≈≈≈≈≈≈≈≈♣♣P
#.D♣♣♣♣♣♣♣♣♣♣♣♣♣♣♣♣P #..♣♣ ♣♣
###'♣♣♣♣♣♣♣♣♣♣♣♣♣♣♣
♣♣♣♣.##..##≈≈≈≈≈≈..#
♣...##.##.#≈≈≈≈≈...#
♣♣.##.##.##'≈≈≈≈≈#
♣..#†##..D#≈≈..§○○°
♣♣.##÷##.[#≈..+####


You could see a ten-headed hydra.

Vanquished Creatures
  Erolcha (D)
  A hydra (D)
  Urug (D)
  A deep elf knight (D)
  A lindwurm (D)
  2 orc knights (D)
  4 deep elf magi (D)
  2 spiny frogs (D)
  A komodo dragon (D)
  2 tyrant leeches (D)
  3 wandering mushrooms (D)
  A shadow (D)
  5 redbacks (D)
  A spatial vortex (D)
  A necrophage (D)
  5 orc warriors (D)
  5 two-headed ogres (D)
  A water elemental (D)
  An electric eel (D)
  2 orc wizards (D)
  An orc priest (D)
  A jelly (D)
  A wizard (D)
  A necromancer (D)
  3 humans (D)
  A kobold demonologist (D)
  A wolf (D)
  An ooze (D)
  8 orcs (D)
  3 rats (D)
62 creatures vanquished.

Vanquished Creatures (others)
  2 draconian scorchers (D)
  6 hellions (D)
  2 yaktaurs (D)
10 creatures vanquished.

Grand Total: 72 creatures vanquished

Notes
Turn   | Place    | Note
-------+----------+-------------------------------------------
     0 | D        | HASTUR3 the Troll Fighter began the quest for the Orb.
     0 | D        | Reached XP level 1. HP: 22/22 MP: 0/0
     5 | D        | Reached skill level 3 in Unarmed Combat
     8 | D        | Reached skill level 4 in Unarmed Combat
    47 | D        | Noticed a wolf
    61 | D        | Killed a wolf
    61 | D        | Reached skill level 5 in Unarmed Combat
    61 | D        | Reached XP level 2. HP: 6/29 MP: 1/1
    63 | D        | Reached skill level 6 in Unarmed Combat
    63 | D        | Reached XP level 3. HP: 8/36 MP: 2/2
    77 | D        | Killed a hellion
    77 | D        | Killed a hellion
    87 | D        | Killed a hellion
    87 | D        | Killed a hellion
    94 | D        | Killed a hellion
   108 | D        | Killed a hellion
   109 | D        | Gained mutation: You expend magic power (3 MP) to
                  | strengthen your wands. [potion of mutation]
   109 | D        | Gained mutation: Your spells are a little harder to cast,
                  | but a little more powerful. [potion of mutation]
   109 | D        | Gained mutation: You are dopey. (Int -2) [potion of
                  | mutation]
   109 | D        | Gained mutation: Your system is resistant to poisons.
                  | (rPois) [potion of mutation]
   110 | D        | Lost mutation: You are dopey. (Int -2) [potion of mutation]
   110 | D        | Lost mutation: Your system is resistant to poisons. (rPois)
                  | [potion of mutation]
   110 | D        | Lost mutation: You expend magic power (3 MP) to strengthen
                  | your wands. [potion of mutation]
   110 | D        | Gained mutation: Your magical capacity is low. (-10% MP)
                  | [potion of mutation]
   110 | D        | Gained mutation: Your movements are slightly less
                  | encumbered by armour. (ER -2) [potion of mutation]
   110 | D        | Gained mutation: You can translocate small distances at
                  | will. [potion of mutation]
   111 | D        | Lost mutation: Your spells are a little harder to cast, but
                  | a little more powerful. [potion of mutation]
   111 | D        | Lost mutation: You can translocate small distances at will.
                  | [potion of mutation]
   111 | D        | Gained mutation: You are robust. (+10% HP) [potion of
                  | mutation]
   111 | D        | Gained mutation: You are partially covered in large bone
                  | plates. (SH +4) [potion of mutation]
   111 | D        | Gained mutation: You have sharp toenails. [potion of
                  | mutation]
   127 | D        | Noticed a water elemental
   135 | D        | Killed a white draconian scorcher
   139 | D        | Killed a water elemental
   139 | D        | Reached skill level 5 in Shields
   139 | D        | Reached XP level 4. HP: 29/48 MP: 2/2
   183 | D        | Found a radiant altar of Vehumet.
   183 | D        | Found a deep blue altar of Sif Muna.
   183 | D        | Found an ancient bone altar of Kikubaaqudgha.
   183 | D        | Noticed a wizard
   184 | D        | Killed a wizard
   184 | D        | Reached skill level 7 in Unarmed Combat
   190 | D        | Killed a white draconian scorcher
   192 | D        | Noticed a smoke demon
   192 | D        | Reached XP level 5. HP: 55/55 MP: 3/3
   209 | D        | Found a glowing silver altar of Zin.
   210 | D        | Found a glowing golden altar of the Shining One.
   210 | D        | Found a white marble altar of Elyvilon.
   210 | D        | Noticed a deep elf mage
   224 | D        | Killed a deep elf mage
   224 | D        | Reached XP level 6. HP: 38/64 MP: 4/4
   224 | D        | Reached XP level 7. HP: 42/72 MP: 5/5
   289 | D        | Found a basalt altar of Yredelemnul.
   289 | D        | Found a shadowy altar of Dithmenos.
   289 | D        | Found a sacrificial altar of Ru.
   293 | D        | Reached skill level 8 in Unarmed Combat
   302 | D        | Found a hide-covered altar of Uskayaw.
   302 | D        | Found a roughly hewn altar of Beogh.
   302 | D        | Found an iron altar of Okawaru.
   302 | D        | Found a bloodstained altar of Trog.
   302 | D        | Found an ornate altar of the Wu Jian Council.
   302 | D        | Noticed a human
   308 | D        | Killed a human
   308 | D        | Reached skill level 10 in Unarmed Combat
   308 | D        | Noticed a human
   312 | D        | Killed a human
   312 | D        | Reached skill level 11 in Unarmed Combat
   319 | D        | Became a worshipper of the Wu Jian Council
   327 | D        | Noticed a shadow
   331 | D        | Killed a shadow
   331 | D        | Reached XP level 8. HP: 81/81 MP: 6/6
   341 | D        | Found a blossoming altar of Fedhas.
   341 | D        | Found a stormy altar of Qazlal.
   341 | D        | Found a snail-covered altar of Cheibriados.
   341 | D        | Found a burning altar of Makhleb.
   341 | D        | Found a shimmering altar of Xom.
   342 | D        | Found a hazy altar of Hepliaklqana.
   342 | D        | Found an opulent altar of Gozag.
   342 | D        | Found a sparkling altar of Nemelex Xobeh.
   342 | D        | Found a corrupted altar of Lugonu.
   342 | D        | Found a viscous altar of Jiyva.
   351 | D        | Reached * piety under Wu Jian
   351 | D        | Reached skill level 12 in Unarmed Combat
   373 | D        | Reached skill level 13 in Unarmed Combat
   389 | D        | Reached ** piety under Wu Jian
   407 | D        | Noticed a two-headed ogre
   417 | D        | Killed a two-headed ogre
   417 | D        | Reached skill level 14 in Unarmed Combat
   427 | D        | Noticed a two-headed ogre
   427 | D        | Noticed Erolcha
   430 | D        | Killed Erolcha
   430 | D        | Reached skill level 15 in Unarmed Combat
   430 | D        | Reached XP level 9. HP: 88/88 MP: 7/7
   433 | D        | Killed a two-headed ogre
   433 | D        | Reached skill level 16 in Unarmed Combat
   434 | D        | Killed a yaktaur
   441 | D        | Killed a yaktaur
   455 | D        | Found Simil's Weapon Shop.
   457 | D        | Noticed an orc knight
   457 | D        | Noticed an orc knight
   458 | D        | Reached *** piety under Wu Jian
   459 | D        | Killed an orc knight
   461 | D        | Reached **** piety under Wu Jian
   468 | D        | Killed an orc knight
   468 | D        | Reached ***** piety under Wu Jian
   468 | D        | Reached skill level 5 in Fighting
   468 | D        | Reached skill level 5 in Dodging
   472 | D        | Reached XP level 10. HP: 39/107 MP: 8/8
   529 | D        | Noticed a deep elf mage
   529 | D        | Noticed a deep elf mage
   529 | D        | Noticed a deep elf knight
   529 | D        | Noticed a deep elf mage
   529 | D        | Noticed a deep elf mage
   552 | D        | Killed a deep elf knight
   554 | D        | Killed a deep elf mage
   560 | D        | Killed a deep elf mage
   560 | D        | Reached ****** piety under Wu Jian
   570 | D        | Killed a deep elf mage
   739 | D        | Reached skill level 17 in Unarmed Combat
   766 | D        | Noticed a spiny frog
   766 | D        | Noticed a spiny frog
   775 | D        | Killed a spiny frog
   776 | D        | Killed a spiny frog
   917 | D        | Reached XP level 11. HP: 116/124 MP: 8/8
   997 | D        | Noticed a lindwurm
  1003 | D        | Killed a lindwurm
  1020 | D        | Noticed Urug
  1032 | D        | Killed Urug
  1157 | D        | Noticed a six-headed hydra
  1157 | D        | Noticed a seven-headed hydra
  1169 | D        | Killed an 11-headed hydra
  1196 | D        | HP: 3/126 [nine-headed hydra (10)]
  1197 | D        | Slain by a ten-headed hydra

Skill      XL: |  1  2  3  4  5  6  7  8  9 10 11 |
---------------+----------------------------------+-----
Unarmed Combat | 5 6 7 11 15 16 17 | 17.7
Shields        | 5 6 11 12 | 12.9
Fighting       | 5 8 9 |  9.3
Dodging        | 5 8 9 |  9.3

Action                   |  1- 3 |  4- 6 |  7- 9 | 10-12 || total
-------------------------+-------+-------+-------+-------++-------
Melee: Unarmed           |    28 |    15 |    85 |   108 ||   236
       Kick              |     2 |     6 |    19 |    33 ||    60
Invok: Lunge             |       |       |     4 |     7 ||    11
       Whirlwind         |       |       |     5 |       ||     5
       Serpent's Lash    |       |       |       |     2 ||     2
 Abil: Wall Jump         |       |       |     3 |     1 ||     4
  Use: Potion            |     4 |       |     1 |     5 ||    10
       Scroll            |       |       |       |     1 ||     1
 Stab: Sleeping          |       |       |       |     2 ||     2
  Eat: Chunk             |     3 |       |     7 |     6 ||    16
Armor: Robe              |     5 |     2 |     2 |     8 ||    17
Dodge: Dodged            |     8 |       |    15 |    35 ||    58
Block: Shield            |     8 |     5 |    34 |    61 ||   108
